 Dungeon Crawl Stone Soup version 0.27-a0-1280-g9d2d252d84 (webtiles) character file.

Game seed: 11799882171952623131

89 Glokmah the Ducker (level 4, -1/41 HPs)
             Began as a Gnoll Monk on June 13, 2021.
             Slain by an orc priest (5 damage)
             ... on level 2 of the Dungeon.
             The game lasted 00:01:47 (929 turns).

Glokmah the Ducker (Gnoll Monk)                      Turns: 929, Time: 00:01:47

Health: -1/41      AC:  5    Str: 11    XL:     4   Next: 55%
Magic:  5/5        EV: 12    Int: 10    God:
Gold:   24         SH:  0    Dex: 14    Spells: 5/5 levels left

rFire    . . .     SeeInvis .   d - +2 mace (venom)
rCold    . . .     Faith    .   (no shield)
rNeg     . . .     Spirit   .   i - +0 ring mail
rPois    .         Reflect  .   (no helmet)
rElec    .         Harm     .   (no cloak)
rCorr    .         Rampage  .   (no gloves)
Will     .....                  (no boots)
Stlth    ++........             (no amulet)
HPRegen  0.13/turn              (no ring)
MPRegen  0.09/turn              (no ring)

@: no status effects
A: fangs 1, strong nose, distributed training
a: no special abilities


You were on level 2 of the Dungeon.
You visited 1 branch of the dungeon, and saw 2 of its levels.

You collected 24 gold pieces.

Inventory:

Hand Weapons
 a - a +0 spear
 d - a +2 mace of venom (weapon)
Missiles
 f - 35 stones
 g - 13 poisoned darts (quivered)
Armour
 b - a +0 robe
 i - a +0 ring mail (worn)
Scrolls
 c - 3 scrolls of identify {unknown}
 h - a scroll of teleportation {unknown}
Potions
 e - a potion of berserk rage {unknown}


   Skills:
 + Level 6.6 Fighting
 + Level 1.2 Short Blades
 + Level 1.2 Long Blades
 + Level 1.2 Axes
 + Level 1.2 Maces & Flails
 + Level 6.6 Polearms
 + Level 1.2 Staves
 + Level 1.2 Slings
 + Level 1.2 Bows
 + Level 1.2 Crossbows
 + Level 1.2 Throwing
 + Level 1.2 Armour
 + Level 6.6 Dodging
 + Level 4.3 Stealth
 + Level 1.2 Shields
 + Level 1.2 Unarmed Combat
 + Level 1.2 Spellcasting
 + Level 1.0 Conjurations
 + Level 1.0 Hexes
 + Level 1.0 Summonings
 + Level 1.0 Necromancy
 + Level 1.0 Translocations
 + Level 1.0 Transmutations
 + Level 1.0 Fire Magic
 + Level 1.0 Ice Magic
 + Level 1.0 Air Magic
 + Level 1.0 Earth Magic
 + Level 1.0 Poison Magic
 + Level 1.3 Invocations
 + Level 1.2 Evocations


You had 5 spell levels left.
You didn't know any spells.
Your spell library was empty.

Dungeon Overview and Level Annotations

Branches:
Dungeon (2/15)

Altars:


Innate Abilities, Weirdness & Mutations

You have very sharp teeth.
Your uncanny sense of smell can sniff out nearby items.
Your experience applies equally to all skills.


Message History

The orc priest hits you with a +0 short sword.
The orc barely misses you.
The orc priest hits you but does no damage.
You barely miss the orc priest.
The orc priest mumbles some strange prayers to Beogh against you.
Beogh smites you! The orc priest misses you.
The orc hits you but does no damage.
The orc priest hits you with a +0 dagger.
The orc priest hits you with a +0 short sword.
The orc priest closely misses you. The orc closely misses you.
You barely miss the orc priest. The orc priest closely misses you.
The orc priest hits you but does no damage.
The orc priest hits you with a +0 short sword.
The orc misses you.
The orc priest hits you but does no damage.
You are too confused!
Unknown command.
You closely miss the orc priest.
You feel less confused.
The orc priest looks satisfied for a moment.
The orc priest closely misses you. The orc hits you with a +0 hand axe.
The orc priest mumbles some strange prayers to Beogh against you.
You barely resist. You closely miss the orc priest.
You bite the orc priest, but do no damage.
The orc priest hits you but does no damage.
The orc barely misses you. The orc priest misses you.
The orc priest calls down the wrath of Beogh upon you.
You barely resist.
The orc priest hits you with a +0 hand axe.
* * * LOW HITPOINT WARNING * * *
The orc hits you but does no damage.
The orc priest hits you with a +0 short sword.
* * * LOW HITPOINT WARNING * * *
You sock the orc priest!
The orc priest is poisoned.
The orc priest is heavily wounded.
The orc priest hits you with a +0 dagger.
* * * LOW HITPOINT WARNING * * *
The orc priest hits you with a +0 hand axe.
You die...

### ∆ #.. ∆ $# #.#
)#. #+ #.# ##..#.#
#.###
.....!.##########...#
#o@............####
#ooo......†.......#
#.)#########...##.#
#.....o...###..##.#
#...o..o≈..##......
#......o...$#.....>
#.........oo#..#...
#.........oo#.##...
#...≈...≈..##.# ..


You could see 3 orc priests and an orc.

Vanquished Creatures
  An orc wizard (D:2)
  An adder (D:2)
  A gnoll (D:1)
  3 dart slugs
  An orc (D:2)
  2 bats (D:1)
  8 endoplasms
  2 giant cockroaches (D:1)
  3 hobgoblins
  A jackal (D:1)
  3 kobolds (D:1)
  3 quokkas (D:1)
  2 ball pythons (D:1)
  4 rats
35 creatures vanquished.

Notes
Turn   | Place    | Note
-------+----------+-------------------------------------------
     0 | D:1      | Glokmah the Gnoll Monk began the quest for the Orb.
     0 | D:1      | Reached XP level 1. HP: 23/23 MP: 1/1
    85 | D:1      | Reached XP level 2. HP: 25/29 MP: 2/2
   500 | D:1      | Reached XP level 3. HP: 33/35 MP: 3/3
   633 | D:1      | Reached skill level 1 in Invocations
   799 | D:2      | Reached skill level 1 in Short Blades
   799 | D:2      | Reached skill level 1 in Long Blades
   799 | D:2      | Reached skill level 1 in Axes
   799 | D:2      | Reached skill level 1 in Maces & Flails
   799 | D:2      | Reached skill level 1 in Staves
   799 | D:2      | Reached skill level 1 in Slings
   799 | D:2      | Reached skill level 1 in Bows
   799 | D:2      | Reached skill level 1 in Crossbows
   799 | D:2      | Reached skill level 1 in Throwing
   799 | D:2      | Reached skill level 1 in Armour
   799 | D:2      | Reached skill level 1 in Shields
   799 | D:2      | Reached skill level 1 in Unarmed Combat
   799 | D:2      | Reached skill level 1 in Spellcasting
   799 | D:2      | Reached skill level 1 in Evocations
   800 | D:2      | Reached XP level 4. HP: 39/41 MP: 5/5
   923 | D:2      | Reached skill level 1 in Conjurations
   923 | D:2      | Reached skill level 1 in Hexes
   923 | D:2      | Reached skill level 1 in Summonings
   923 | D:2      | Reached skill level 1 in Necromancy
   923 | D:2      | Reached skill level 1 in Translocations
   923 | D:2      | Reached skill level 1 in Transmutations
   923 | D:2      | Reached skill level 1 in Fire Magic
   923 | D:2      | Reached skill level 1 in Ice Magic
   923 | D:2      | Reached skill level 1 in Air Magic
   923 | D:2      | Reached skill level 1 in Earth Magic
   923 | D:2      | Reached skill level 1 in Poison Magic
   929 | D:2      | Slain by an orc priest

Illustrated notes

Levels and vault maps discovered:
D:1:      dpeg_arrival_rooms_with_view, layout_basic, fountainhead
D:2:      cheibrodos_pilgrimage, layout_basic, chequers_ecumenical_altar_island,
          serial_glass, glass_columns_a, glass_columns_b, item_on_display_b,
          due_unseen_surprise, hex_medium, corexii_item_surrounded_by_moat,
          minmay_split_cup_large

Skill      XL: |  1  2  3  4 |
---------------+-------------+-----
Invocations    | 1 |  1.3
Short Blades   | 1 |  1.2
Long Blades    | 1 |  1.2
Axes           | 1 |  1.2
Maces & Flails | 1 |  1.2
Staves         | 1 |  1.2
Slings         | 1 |  1.2
Bows           | 1 |  1.2
Crossbows      | 1 |  1.2
Throwing       | 1 |  1.2
Armour         | 1 |  1.2
Shields        | 1 |  1.2
Unarmed Combat | 1 |  1.2
Spellcasting   | 1 |  1.2
Evocations     | 1 |  1.2
Conjurations   | 1 |  1.0
Hexes          | 1 |  1.0
Summonings     | 1 |  1.0
Necromancy     | 1 |  1.0
Translocations | 1 |  1.0
Transmutations | 1 |  1.0
Fire Magic     | 1 |  1.0
Ice Magic      | 1 |  1.0
Air Magic      | 1 |  1.0
Earth Magic    | 1 |  1.0
Poison Magic   | 1 |  1.0
Fighting       | |  6.6
Polearms       | |  6.6
Dodging        | |  6.6
Stealth        | |  4.3

Action                   |  1- 3 |  4- 6 || total
-------------------------+-------+-------++-------
Melee: Mace              |    59 |    16 ||    75
       Spear             |     2 |       ||     2
       Bite              |     6 |     1 ||     7
Throw: Dart              |     4 |       ||     4
 Stab: Sleeping          |     6 |       ||     6
Armor: Robe              |     6 |       ||     6
       Ring mail         |    10 |     8 ||    18
Dodge: Dodged            |    49 |    18 ||    67

Table legend: (Time is in decaauts)
 A = Elapsed time spent in this place.
 B = Non-inter-level travel time spent in this place.
 C = Inter-level travel time spent in this place.
 D = Time resting spent in this place.
 E = Time spent auto-exploring this place.
 F = Levels seen in this place.
 G = Mean time per level.
                   A        B        C        D        E       F      G
               +--------+--------+--------+--------+--------+-----+--------+
         Total |    959 |    885 |     74 |      2 |    572 |   2 |  479.5 |
       Dungeon |    959 |    885 |     74 |      2 |    572 |   2 |  479.5 |
               +--------+--------+--------+--------+--------+-----+--------+

Top non-repeatable levels by time:
     D:1: 872 daAuts
     D:2: 86 daAuts
